 Dungeon Crawl Stone Soup version 0.23-a0-713-ge59bbb1 (webtiles) character file.

60 JeffiDaFish the Grave Robber (level 3, -4/16 HPs)
             Began as a Spriggan Necromancer on Jan 16, 2019.
             Slain by a gnoll
             ... wielding a +0 flail
              (13 damage)
             ... on level 2 of the Dungeon.
             The game lasted 00:03:17 (2173 turns).

JeffiDaFish the Grave Robber (Spriggan Necromancer) Turns: 2173, Time: 00:03:18

Health: -4/16      AC:  1    Str:  4    XL:     3   Next: 80%
Magic:  1/8        EV: 19    Int: 17    God:
Gold:   58         SH:  0    Dex: 16    Spells: 1/8 levels left

rFire    + . .     SeeInvis +   e - +0 short sword
rCold    . . .     Gourm    .   (shield restricted)
rNeg     + . .     Faith    .   a - +0 robe
rPois    .         Spirit   .   (helmet restricted)
rElec    .         Reflect  .   (no cloak)
rCorr    .         Harm     .   (gloves unavailable)
MR       .....                  (boots unavailable)
Stlth    ++........             (no amulet)
HPRegen  0.05/turn              b - ring of positive energy
MPRegen  0.11/turn              (no ring)

@: very quick
A: very small, unfitting armour, see invisible, deformed body, fire resistance
1, herbivore, speed 3, slow metabolism 2, evolution 1
a: no special abilities


You were on level 2 of the Dungeon.
You were not hungry.

You visited 1 branch of the dungeon, and saw 2 of its levels.

You collected 58 gold pieces.

Inventory:

Hand Weapons
 e - a +0 short sword (weapon)
Armour
 a - a +0 robe (worn)
Jewellery
 b - a ring of positive energy (left hand)
Scrolls
 d - 2 scrolls of identify
 f - 2 scrolls of blinking
Comestibles
 c - 6 rations


   Skills:
 + Level 3.9 Dodging
 - Level 3.0 Stealth
 + Level 3.4 Spellcasting
 * Level 4.3 Necromancy


You had one spell level left.
You knew the following spells:

 Your Spells              Type           Power        Failure   Level  Hunger
a - Pain                  Necr           ###.         2%          1    None
b - Vampiric Draining     Necr           ###.......   9%          3    ###....
c - Regeneration          Chrm/Necr      ##........   21%         3    ###....

Your spell library contained the following spells:

 Spells                   Type           Power        Failure   Level  Hunger
 Animate Skeleton         Necr           N/A          2%          1    None
 Animate Dead             Necr           N/A          26%         4    ####...


Dungeon Overview and Level Annotations

Branches:
Dungeon (2/15)

Altars:


Innate Abilities, Weirdness & Mutations

You are very small and have problems with some larger weapons.
You are too small for most types of armour.
You have supernaturally acute eyesight. (SInv)
You are a herbivore.
You cover ground extremely quickly.
You need to consume almost no food.
Armour fits poorly on your strangely shaped body.
Your flesh is heat resistant. (rF+)
You evolve.


Message History

Confirm with . or Enter, or press ? or * to list all spells.
Aiming: Pain (safe; 2% risk of failure)
Press: ? - help, Shift-Dir - straight line, f - gnoll
Aim: a gnoll, wielding a +0 flail (chance to defeat MR: 82%)
The gnoll barely resists.
A gnoll comes into view.
Casting: Pain (safe; 2% risk of failure)
Confirm with . or Enter, or press ? or * to list all spells.
Aiming: Pain (safe; 2% risk of failure)
Press: ? - help, Shift-Dir - straight line, f/p - gnoll
Aim: a gnoll, wielding a +0 flail (chance to defeat MR: 82%)
The gnoll writhes in agony!
Casting: Pain (safe; 2% risk of failure)
Confirm with . or Enter, or press ? or * to list all spells.
Aiming: Pain (safe; 2% risk of failure)
Press: ? - help, Shift-Dir - straight line, f/p - gnoll
Aim: a gnoll, wielding a +0 flail (moderately wounded, chance to defeat MR: 82%)
The gnoll writhes in agony!
The gnoll hits you with a +0 flail!
Ouch! That really hurt!
You die...

..(.......# ...#
#....†#..# #..#
##.#..#..##
##..###.....#...# ##
.......#.......# .
####..###.....#...#### #.
#.)..................[
##.#
#.#.....####.#........
#...####.).g@...#
#...##.####
#.....g..#.....#####>###.#
#...####.............#
#.#### ####
#.###.######### #..... #.#
### ###### ..# ####


You could see 2 gnolls.

Vanquished Creatures
  A gnoll (D:2)
  An adder (D:2)
  An ooze (D:1)
  A dart slug (D:1)
  2 leopard geckos (D:1)
  6 bats (D:1)
  A giant cockroach (D:2)
  4 goblins
  4 hobgoblins (D:1)
  2 frilled lizards (D:1)
  6 kobolds (D:1)
  3 rats (D:1)
32 creatures vanquished.

Notes
Turn   | Place    | Note
-------+----------+-------------------------------------------
     0 | D:1      | JeffiDaFish the Spriggan Necromancer began the quest for
                  | the Orb.
     0 | D:1      | Reached XP level 1. HP: 9/9 MP: 5/5
   176 | D:1      | Gained mutation: Armour fits poorly on your strangely
                  | shaped body. [potion of mutation]
   176 | D:1      | Gained mutation: You evolve. [potion of mutation]
   176 | D:1      | Gained mutation: Your flesh is heat resistant. (rF+)
                  | [potion of mutation]
   291 | D:1      | Reached XP level 2. HP: 4/13 MP: 1/6
   644 | D:1      | Reached skill level 4 in Necromancy
  1384 | D:1      | Reached XP level 3. HP: 7/16 MP: 1/8
  1572 | D:1      | Learned a level 3 spell: Vampiric Draining
  1576 | D:1      | Learned a level 3 spell: Regeneration
  2173 | D:2      | Slain by a gnoll

Vault maps used:
D:1:      dpeg_arrival_short_road, minmay_door_square
D:2:      first_ration, serial_bayou_pond_e, minmay_guardbox

Skill      XL: |  1  2 |
---------------+-------+-----
Spellcasting   | 3 |  3.4
Necromancy     | 4 |  4.3
Dodging        | |  3.9
Stealth        | |  3.0

Action                   || total
-------------------------++-------
Melee: Unarmed           ||     2
       Short sword       ||     4
 Cast: Pain              ||    63
  Use: Potion            ||     4
       Scroll            ||     5
Armor: Robe              ||     2
Dodge: Dodged            ||    17

Table legend:
 A = Non-vault XP
 B = Vault XP
 C = Vault XP percentage of total XP
 D = Non-vault monster count
 E = Vault monster count
 F = Vault count percentage of total count
                 A         B        C        D         E       F
            +---------+---------+-------+---------+---------+-------
      Total |      86 |       0 |   0.0 |      32 |       0 |   0.0
            +---------+---------+-------+---------+---------+-------
        D:1 |      55 |       0 |   0.0 |      28 |       0 |   0.0
        D:2 |      31 |       0 |   0.0 |       4 |       0 |   0.0
            +---------+---------+-------+---------+---------+-------
